[Event "Team 45 45 League T27"]
[Site "Free Internet Chess Server"]
[Date "2005.07.10"]
[Round "4"]
[White "hotjazz"]
[Black "jerryrab"]
[Result "1-0"]
[WhiteElo "1425"]
[BlackElo "1367"]
[TimeControl "2700+45"]

1. e4 c5 2. Nf3 d6 3. d4 Qb6 4. Nc3 Nf6 5. Be3 Qxb2 6. Nb5 Bd7 7. Nc7+ Kd8 8. Nxa8 Bg4 9. dxc5 Nxe4 10. Be2 Nc3 11. Qc1 Qb4 12. Bd3 Bxf3 13. gxf3 Nd5+ 14. Bd2 Qxc5 15. O-O e6 16. Qb2 b6 17. a3 Nc6 18. c4 Nc7 19. Be3 Qa5 20. Bd2 Qa6 21. Nxc7 Kxc7 22. Qc3 Ne5 23. Bc2 Qb7 24. Be4 Qa6 25. Qb4 f5 26. Ba8 Qc8 27. Bd5 exd5 28. Bf4 a5 29. Qb3 dxc4 30. Qc3 Qe6 31. Rab1 Kb7 32. Qxa5 d5 33. Kg2 Bc5 34. Rfe1 Qg6+ 35. Kf1 Nxf3 36. Qxc5 Qg1+ 37. Ke2 Qg4 38. Qc7+ Ka6 39. Qxb6#   {Black checkmated} 1-0

[Event "Team 45 45 League T27"]
[Site "Free Internet Chess Server"]
[Date "PDT.07.0"]
[Round "4"]
[White "EyeAm"]
[Black "chesstalker"]
[Result "1-0"]
[WhiteElo "1346"]
[BlackElo "1338"]
[TimeControl "2700+45"]

1. e4 e5 2. Nf3 Nc6 3. Bc4 d6 4. d4 exd4 5. Nxd4 Nxd4 6. Qxd4 c5 7. Bb5+ Bd7 8. Qa4 Bxb5 9. Qxb5+ Qd7 10. Qxd7+ Kxd7 11. O-O Nf6 12. Nc3 Re8 13. Re1 a6 14. Bf4 b5 15. Rad1 Nh5 16. Bxd6 Ke6 17. Bxf8 Rhxf8 18. Nd5 Re7 19. Nxe7 Kxe7 20. Rd5 Nf4 21. Rxc5 Rd8 22. Rc7+ Kf8 23. Kf1 Rd2 24. g3 Nh3 25. Re2 Rd1+ 26. Re1 Rd2 27. Re2 Rd1+ 28. Kg2 Ng1 29. Re3 g5 30. Rd3 Re1 31. Re3 Rd1 32. Rd3 Re1 33. Rd8+ Kg7 34. Re8 g4 35. Ree7 Ne2 36. Rxf7+ Kg6 37. f3 h5 38. Kf2 Rh1 39. Kg2 Rg1+ 40. Kf2 Rh1 41. Kxe2 Rxh2+ 42. Kf1 Rh3 43. fxg4 hxg4 44. Kg2 Rh5 45. Rg7+ Kf6 46. Rxg4 Rh8 47. Rc6+ Ke5 48. Rcg6 Rd8 49. R6g5+ Kd4 50. e5+ Ke3 51. e6 Rd2+ 52. Kh3 Rd1 53. e7 Kf3 54. Rf5+ Ke2 55. e8=Q+   {Black resigns} 1-0

[Event "Team 45 45 League T27"]
[Site "Free Internet Chess Server"]
[Date "2005.07.10"]
[Round "4"]
[White "nasmichael"]
[Black "blkmagic"]
[Result "1-0"]
[WhiteElo "1306"]
[BlackElo "1081"]
[TimeControl "2700+45"]

1. e4 e5 2. Nf3 Nc6 3. Bc4 Qe7 4. c3 d6 5. O-O Bg4 6. d4 exd4 7. h3 Bxf3 8. Qxf3 Ne5 9. Qe2 d3 10. Bxd3 Nxd3 11. Qxd3 O-O-O 12. Be3 b6 13. Nd2 Nf6 14. a4 d5 15. Qa6+ Kb8 16. a5 Qd6 17. axb6 cxb6 18. Qxa7+ Kc8 19. Bxb6 Rd7 20. Qa8+ Qb8 21. Qc6+ Rc7 22. Bxc7 Qxc7 23. Ra8#   {Black checkmated} 1-0

[Event "Team 45 45 League T27"]
[Site "Free Internet Chess Server"]
[Date "2005.07.11"]
[Round "4"]
[White "bahus"]
[Black "Valiantangel"]
[Result "1/2-1/2"]
[WhiteElo "1831"]
[BlackElo "1799"]
[TimeControl "2700+45"]

1. e4 d5 2. exd5 Qxd5 3. Nc3 Qa5 4. d4 Nf6 5. Bd2 c6 6. Bd3 Bg4 7. f3 Bh5 8. Nge2 Nbd7 9. a3 e6 10. O-O Qc7 11. Ne4 Be7 12. c4 O-O 13. Qc2 c5 14. Bc3 Bg6 15. Rad1 Nxe4 16. Bxe4 cxd4 17. Bxd4 Nc5 18. Bxg6 hxg6 19. b4 Nd7 20. Qc3 Nf6 21. Be5 Qb6+ 22. c5 Qb5 23. Nd4 Qa4 24. Rc1 Nd5 25. Qb2 Rac8 26. Nb3 Bf6 27. Bxf6 gxf6 28. Na5 b6 29. Nb3 Qb5 30. Nd4 Qd3 31. c6 b5 32. Rfd1 Qe3+ 33. Kh1 a6 34. Nb3 Qb6 35. Nc5 Qxc6 36. Ne4 Qb6 37. Nxf6+ Nxf6 38. Qxf6 Rxc1 39. Rxc1 Qe3 40. Qc3 Qxc3 41. Rxc3 Rd8 42. Kg1 Rd6 43. Kf2 Kg7 44. h4 Rd2+ 45. Kg3 Ra2 46. f4 Kf6 47. Kf3 Ke7 48. g3 f5 49. Ke3 Kd6 50. Rd3+ Ke7 51. Kd4 Kd6 52. Kc3+ Ke7 53. Kd4 Kd6 54. Kc3+ Kc6 55. Kd4 Re2 56. Rc3+ Kd6 57. Re3 Rc2 58. Rd3 Rc4+ 59. Ke3+ Ke7 60. Kd2 Re4 61. Re3 Rc4 62. Rd3 Rc6 63. Ke3 Rc4   {Game drawn by mutual agreement} 1/2-1/2

[Event "Team 45 45 League T27"]
[Site "Free Internet Chess Server"]
[Date "2005.07.11"]
[Round "4"]
[White "sidiAhmed"]
[Black "Xeones"]
[Result "0-1"]
[WhiteElo "1767"]
[BlackElo "1784"]
[TimeControl "2700+45"]

1. d4 Nf6 2. c4 e6 3. Nc3 Bb4 4. Nf3 d5 5. Bg5 dxc4 6. e4 c5 7. e5 cxd4 8. Nxd4 Qa5 9. Ne2 Qxe5 10. Bxf6 Qxf6 11. Nd4 O-O 12. Bxc4 Rd8 13. Qa4 Qxd4 14. Qxb4 Qd2+ 15. Kf1 Nc6 16. Qb3 Na5 17. Qa4 Qxb2 18. Qxa5 Qxa1+ 19. Ke2 Qb2+ 20. Kf3 b6 21. Rb1 Bb7+ 22. Kg3 Qxb1   {White resigns} 0-1

[Event "Team 45 45 League T27"]
[Site "Free Internet Chess Server"]
[Date "PDT.07.0"]
[Round "4"]
[White "phorku"]
[Black "motaka"]
[Result "0-1"]
[WhiteElo "1564"]
[BlackElo "1791"]
[TimeControl "2700+45"]

1. e4 e6 2. Bc4 d5 3. exd5 exd5 4. Bb3 c5 5. d3 Nc6 6. Nf3 Bg4 7. O-O Nf6 8. Re1+ Be7 9. Nbd2 O-O 10. c3 Qd6 11. d4 cxd4 12. Qc2 Rac8 13. Qd3 dxc3 14. bxc3 Rfd8 15. Nd4 Qd7 16. Bc2 g6 17. Qg3 Nxd4 18. cxd4 Rxc2 19. Nf3 Ne4 20. Qf4 Bd6 21. Ne5 Bxe5 22. Qxe5 f6 23. Qf4 Nxf2 24. Qxf6 Rf8 25. Qe5 Nd3   {White forfeits on time} 0-1

[Event "Team 45 45 League T27"]
[Site "Free Internet Chess Server"]
[Date "2005.07.10"]
[Round "4"]
[White "MidKnightBlue"]
[Black "DarkKing"]
[Result "1-0"]
[WhiteElo "1756"]
[BlackElo "1709"]
[TimeControl "2700+45"]

1. e4 Nf6 2. e5 Nd5 3. d4 e6 4. c4 Nb4 5. Nf3 c5 6. Be3 cxd4 7. Bxd4 N4c6 8. Bc3 Bc5 9. Be2 O-O 10. O-O d6 11. Nbd2 dxe5 12. Nxe5 Nxe5 13. Bxe5 Nc6 14. Bc3 e5 15. Ne4 Bd4 16. Rb1 Bf5 17. Bf3 Bxc3 18. bxc3 Qxd1 19. Rbxd1 b6 20. Nd6 Bd7 21. Rfe1 f6 22. Bd5+ Kh8 23. Nf7+ Kg8 24. Nd8+ Kh8 25. Nxc6   {Black resigns} 1-0

[Event "Team 45 45 League T27"]
[Site "Free Internet Chess Server"]
[Date "PDT.07.0"]
[Round "4"]
[White "jjgsmm"]
[Black "TheTactician"]
[Result "1-0"]
[WhiteElo "1608"]
[BlackElo "1825"]
[TimeControl "2700+45"]

1. e4 c5 2. Nf3 d6 3. d4 cxd4 4. Nxd4 Nf6 5. Nc3 a6 6. Bc4 e6 7. Be3 b5 8. Bb3 b4 9. Nce2 Nxe4 10. O-O Be7 11. Re1 O-O 12. Nc1 Bb7 13. Qg4 Nf6 14. Qg3 Be4 15. Bxe6 fxe6 16. Nxe6 Qc8 17. Qxg7#   {Black checkmated} 1-0

[Event "Team 45 45 League T27"]
[Site "Free Internet Chess Server"]
[Date "PDT.07.0"]
[Round "4"]
[White "Litovec"]
[Black "zandree"]
[Result "1-0"]
[WhiteElo "1702"]
[BlackElo "1335"]
[TimeControl "2700+45"]

1. e4 e5 2. Nf3 Nf6 3. Nc3 Bc5 4. Bc4 O-O 5. O-O Re8 6. Re1 c6 7. Ng5 d5 8. exd5 cxd5 9. Bb5 Bg4 10. Ne2 Nbd7 11. h3 Bh5 12. c3 Qb6 13. Bxd7 Bxf2+ 14. Kh1 Bxe1 15. Bxe8 Qf2 16. Bxf7+ Bxf7 17. Nxf7 Qf1+ 18. Kh2 Kxf7 19. d3 e4 20. Bg5 exd3 21. Qxd3 Re8 22. Bxf6 Rxe2 23. Qxd5+ Kg6 24. Qg5+ Kf7 25. Qxg7+ Ke6 26. Rd1 Qf4+ 27. Kh1 Qf1+ 28. Kh2 Bg3+ 29. Kxg3 Qxd1 30. Bd4 Qd3+ 31. Kh2 Qe4 32. Qf6+ Kd7 33. Qg7+ Kd6 34. Bxa7 Qf4+ 35. Qg3 Qxg3+ 36. Kxg3 Rxb2 37. Kf3 Rxa2 38. Bd4 Ke6 39. g4 Ra5 40. h4 Rd5 41. Kf4 Rd6 42. h5 b5 43. g5 b4 44. Bc5 Rd8 45. cxb4 Rd1 46. Ke4 Re1+ 47. Be3 Rb1 48. Bc5 Re1+ 49. Kd3 Rd1+ 50. Ke2 Rh1 51. h6 Kf5 52. Be7 Rh2+ 53. Kd3 Ke6 54. Bf6 Rh3+ 55. Kc4 Rh4+ 56. Kc5 Kf5 57. b5 Rh1 58. b6 Rc1+ 59. Kd6 Rd1+ 60. Kc7 Rc1+ 61. Kb8 Ke6 62. b7 Kd7 63. g6 Re1 64. gxh7 Re8+ 65. Ka7 Rf8 66. h8=Q Ke8 67. b8=Q+ Kf7 68. Qbxf8+ Ke6 69. Qe7+ Kf5 70. Qhh7+ Kg4 71. Qee4+ Kh5 72. Qhg6#   {Black checkmated} 1-0

[Event "Team 45 45 League T27"]
[Site "Free Internet Chess Server"]
[Date "2005.07.11"]
[Round "4"]
[White "SabuesoMaster"]
[Black "nham"]
[Result "1-0"]
[WhiteElo "1919"]
[BlackElo "1919"]
[TimeControl "2700+45"]

1. d4 f5 2. Nc3 d5 3. Bf4 c6 4. e3 Nf6 5. Bd3 g6 6. h4 Bg7 7. h5 Be6 8. h6 Bf8 9. Nge2 Nbd7 10. f3 Qb6 11. Qd2 Bf7 12. Na4 Qd8 13. b4 Nh5 14. Bg5 Qc7 15. Nc5 e5 16. Nxd7 Kxd7 17. e4 fxe4 18. fxe4 exd4 19. Rf1 Be6 20. Nxd4 Qe5 21. c3 Be7 22. Nxe6 Qxe6 23. O-O-O Raf8 24. Bxe7 Qxe7 25. exd5 cxd5 26. Bb5+ Kc8 27. Qxd5 Rxf1 28. Rxf1 Qe3+ 29. Qd2 Qxd2+ 30. Kxd2 a6 31. Ba4 Rd8+ 32. Kc2 b5 33. Bb3 Kc7 34. g4 Ng3 35. Rf7+ Kd6 36. Rxh7 Ne4 37. Ra7 g5 38. h7 Nf6 39. Rxa6+ Ke5 40. Re6+   {Black resigns} 1-0

[Event "Team 45 45 League T27"]
[Site "Free Internet Chess Server"]
[Date "2005.07.10"]
[Round "4"]
[White "shamrockshire"]
[Black "maeck"]
[Result "1-0"]
[WhiteElo "1922"]
[BlackElo "1911"]
[TimeControl "2700+45"]

1. e4 g6 2. d4 d6 3. f4 c6 4. Nf3 d5 5. e5 Bg4 6. Be2 e6 7. b3 Nd7 8. O-O h5 9. Ba3 Bxa3 10. Nxa3 Qa5 11. Nb1 Bxf3 12. Rxf3 Ne7 13. c4 Nf5 14. Nc3 a6 15. c5 Qb4 16. Rd3 Nxd4 17. Rxd4 Qxc3 18. Rc1 Qa5 19. Qc2 Ke7 20. a4 b5 21. b4 Qc7 22. Rd3 g5 23. g3 Rag8 24. Kh1 h4 25. Rg1 Nf8 26. axb5 axb5 27. Qc1 Ng6 28. Ra3 hxg3 29. Rgxg3 Qb7 30. Qa1 Ra8 31. fxg5 Ra4 32. Bd1 Raa8 33. Bc2 Qb8 34. Rxa8 Qxa8 35. Ra3 Rxh2+ 36. Kxh2 Qh8+ 37. Kg1 Qh4 38. Ra7+ Kf8 39. Bxg6 Qxg5+ 40. Kf2 Qxg6 41. Ra8+ Kg7 42. Qg1 Qxg1+ 43. Kxg1 Kg6 44. Ra6 Kf5 45. Rxc6 Kxe5 46. Rc8   {Black resigns} 1-0

[Event "Team 45 45 League T27"]
[Site "Free Internet Chess Server"]
[Date "PDT.07.0"]
[Round "4"]
[White "midoekram"]
[Black "muralimohan"]
[Result "1/2-1/2"]
[WhiteElo "1820"]
[BlackElo "1959"]
[TimeControl "2700+45"]

1. e4 c5 2. Nf3 Nc6 3. d4 cxd4 4. Nxd4 Nf6 5. Nc3 d6 6. h3 e6 7. Be3 Be7 8. Bb5 Bd7 9. O-O O-O 10. Bg5 Qb6 11. Re1 Qxd4 12. Qxd4 Nxd4 13. Bxd7 Nxc2 14. Bb5 Nxa1 15. Rxa1 Rac8 16. Bd7 Rc7 17. Ba4 a6 18. Rd1 b5 19. Bb3 Rd8 20. f4 b4 21. Bxf6 Bxf6 22. Na4 Kf8 23. Kf2 Ke7 24. g4 h6 25. Rd3 Rc1 26. Rd2 Rdc8 27. Re2 Rh1 28. e5 dxe5 29. Kg2 Rcc1 30. g5 Rcg1+ 31. Kf2 exf4 32. gxf6+ Kxf6 33. Rc2 Rf1+ 34. Kg2 f3+ 35. Kg3 Rhg1+ 36. Kf4 Rg2 37. Nc5 g5+ 38. Ke3 Rxc2 39. Bxc2 Rc1   {Game drawn by mutual agreement} 1/2-1/2

[Event "Team 45 45 League T27"]
[Site "Free Internet Chess Server"]
[Date "2005.07.10"]
[Round "4"]
[White "noHz"]
[Black "Doubleletter"]
[Result "1-0"]
[WhiteElo "1858"]
[BlackElo "1745"]
[TimeControl "2700+45"]

1. e4 e6 2. d4 d5 3. Nc3 Nf6 4. Bg5 Be7 5. e5 Nfd7 6. h4 h6 7. Bxe7 Qxe7 8. Nf3 f6 9. Bd3 Nc6 10. Bg6+ Kd8 11. Qe2 fxe5 12. dxe5 Rf8 13. O-O-O a5 14. Rhe1 b6 15. Qd2 Qc5 16. Bd3 Nb4 17. Bf1 Bb7 18. Nd4 Ke7 19. f4 Rae8 20. Nb3 Qc6 21. Bb5 Nxa2+ 22. Nxa2 Qxb5 23. Nc3 Qb4 24. Re4 Qxb3 25. cxb3 Nc5 26. Kc2 Nxe4 27. Nxe4 Rd8 28. Nc3 Bc6 29. g3 d4 30. Na4 Be4+ 31. Kc1 Bd5 32. Qd3 Bg2 33. Qc4 Rd7 34. Rxd4 Bd5 35. Qc2 b5 36. Nc3 c6 37. Nxd5+ cxd5 38. Qc5+   {Black resigns} 1-0

[Event "Team 45 45 League T27"]
[Site "Free Internet Chess Server"]
[Date "2005.07.10"]
[Round "4"]
[White "HotDonut"]
[Black "TripleCheck"]
[Result "0-1"]
[WhiteElo "1916"]
[BlackElo "2133"]
[TimeControl "2700+45"]

1. Nf3 d6 2. d4 Nd7 3. e4 e5 4. c4 Ngf6 5. Nc3 Be7 6. Be2 O-O 7. O-O c6 8. h3 exd4 9. Nxd4 Nc5 10. Bf3 a5 11. Be3 Re8 12. Qc2 Qc7 13. b3 g6 14. a3 Qb6 15. Rab1 Qc7 16. b4 axb4 17. axb4 Ne6 18. Nce2 Nxd4 19. Nxd4 Bd7 20. Qb2 Bf8 21. Nb5 cxb5 22. Qxf6 Bg7 23. Qf4 bxc4 24. Rfd1 Be5 25. Qh4 b5 26. Bg5 c3 27. Rd5 c2 28. Rc1 Bb2 29. Bf6 Bxc1 30. Rh5 Bf4 31. g3 c1=Q+ 32. Kg2 gxh5 33. gxf4 Bxh3+ 34. Kxh3 Qf1+ 35. Kh2 Reb8 36. Qg5+ Kf8 37. Qg7+ Ke8 38. Qg8+ Kd7 39. Qxf7+ Kc6 40. e5+ Kb6 41. Qd5 Qxf2+ 42. Bg2 Qxf4+   {White resigns} 0-1

[Event "Team 45 45 League T27"]
[Site "Free Internet Chess Server"]
[Date "2005.07.10"]
[Round "4"]
[White "malevolentmick"]
[Black "javamanissa"]
[Result "1-0"]
[WhiteElo "1803"]
[BlackElo "1821"]
[TimeControl "2700+45"]

1. e4 e5 2. Nf3 Nc6 3. Bb5 a6 4. Ba4 Nf6 5. O-O b5 6. Bb3 Be7 7. c3 O-O 8. d4 d6 9. h3 Nb8 10. Re1 Nbd7 11. Nbd2 Bb7 12. Bc2 Re8 13. Nf1 c5 14. Ng3 cxd4 15. cxd4 Rc8 16. Bg5 exd4 17. Nxd4 Qa5 18. Ndf5 Bf8 19. Bb3 Nxe4 20. Nxe4 Bxe4 21. Rxe4 Rxe4 22. Qd5 Re1+ 23. Kh2 Rxa1 24. Qxf7+ Kh8 25. Qg8#   {Black checkmated} 1-0

[Event "Team 45 45 League T27"]
[Site "Free Internet Chess Server"]
[Date "PDT.07.0"]
[Round "4"]
[White "bahus"]
[Black "Pawns"]
[Result "0-1"]
[WhiteElo "1816"]
[BlackElo "1768"]
[TimeControl "2700+45"]

1. e4 e5 2. Nf3 Nc6 3. Bb5 a6 4. Ba4 Nf6 5. O-O b5 6. Bb3 Bb7 7. c3 Nxe4 8. Re1 Nc5 9. Nxe5 Nxe5 10. Rxe5+ Ne6 11. d4 Bd6 12. Re1 O-O 13. Nd2 Qh4 14. Nf1 Rae8 15. Qd3 c5 16. Qf5 Nxd4 17. cxd4 Rxe1 18. Bf4 Rxf1+ 19. Kxf1 Qxf4 20. Qxf4 Bxf4 21. g3 Bg5 22. dxc5 Rc8 23. Re1 Kf8 24. Bc2 Rxc5 25. Bd3 Bd5 26. b3 Be6 27. f3 h5 28. Kf2 Rd5 29. Be4 Rd2+ 30. Re2 Rxe2+ 31. Kxe2 d5 32. Bd3 Bf6 33. Ke3 Ke7 34. h4 g5 35. hxg5 Bxg5+ 36. Kd4 Kd6 37. a4 bxa4 38. bxa4 a5 39. Be2 h4 40. gxh4 Bxh4 41. Bd1 Bf6+ 42. Kd3 Kc5 43. Bb3 Kb4 44. Bd1 d4 45. f4 Bb3   {White resigns} 0-1